 Dungeon Crawl Stone Soup version 0.23.2 (webtiles) character file.

Game seed: 16757009773434538878

548 Kairos the Poker (level 7, 0/55 HPs)
             Began as a Formicid Abyssal Knight on Apr 11, 2019.
             Was a Priest of Lugonu.
             Slain by a troll (10 damage)
             ... on level 4 of the Dungeon.
             The game lasted 00:06:46 (3749 turns).

Kairos the Poker (Formicid Abyssal Knight)          Turns: 3749, Time: 00:06:47

Health: 0/55       AC:  7    Str: 19    XL:     7   Next: 53%
Magic:  8/8        EV: 16    Int: 11    God:    Lugonu [***...]
Gold:   225        SH:  0    Dex: 15    Spells: 6/6 levels left

rFire    + + .     SeeInvis +   v - +0 trident
rCold    . . .     Gourm    .   (no shield)
rNeg     + . .     Faith    .   f - +1 ring mail {rF+}
rPois    .         Spirit   .   (helmet unavailable)
rElec    .         Reflect  .   (no cloak)
rCorr    .         Harm     .   (no gloves)
MR       .....                  (no boots)
Stlth    ++........             (no amulet)
HPRegen  0.18/turn              p - ring of protection from fire
MPRegen  0.11/turn              u - ring of positive energy

@: agile
A: permanent stasis, dig shafts and tunnels, four strong arms, antennae 3
a: Dig, Shaft Self, Depart the Abyss, Bend Space, Banish, Renounce Religion


You were on level 4 of the Dungeon.
You worshipped Lugonu.
Lugonu was most pleased with you.
You were not hungry.

You visited 1 branch of the dungeon, and saw 4 of its levels.
You visited the Abyss 1 time.

You collected 225 gold pieces.

Inventory:

Hand Weapons
 a - a +1 spear
 v - a +0 trident (weapon)
Missiles
 m - a throwing net (quivered)
Armour
 b - a +0 leather armour
 f - a +1 ring mail of fire resistance (worn)
Jewellery
 p - a ring of protection from fire (left hand)
 u - a ring of positive energy (right hand)
Wands
 d - a wand of enslavement (7)
 j - a wand of disintegration (12)
 s - a wand of acid (5)
Scrolls
 e - 2 scrolls of fear
 h - a scroll of teleportation
 l - a scroll of fog {unknown}
 n - 2 scrolls of enchant armour {unknown}
 o - a scroll of magic mapping {unknown}
 q - a scroll of remove curse
Potions
 g - a potion of cancellation
 i - a potion of agility
 k - 2 potions of haste
 t - a potion of resistance
Comestibles
 c - 7 rations


   Skills:
 + Level 4.7 Fighting
 + Level 5.1 Polearms
 + Level 4.8 Armour
 + Level 2.0 Dodging
 + Level 1.3 Stealth
 + Level 2.2 Invocations


You had 6 spell levels left.
You didn't know any spells.
Your spell library was empty.

Dungeon Overview and Level Annotations

Branches:
Dungeon (4/15)
 Temple: D:4-7

Altars:
Yredelemnul
The Shining One


Innate Abilities, Weirdness & Mutations

You cannot be hasted, slowed, berserked, paralysed or teleported.
You can dig through walls and to a lower floor.
Your four strong arms can wield two-handed weapons with a shield.
You have a pair of large antennae on your head. (SInv)


Message History

You puncture the crimson imp!
The crimson imp is almost dead.
The crimson imp hits you but does no damage.
You hit the crimson imp.
You kill the crimson imp!
Lugonu accepts your kill.
You hit the troll but do no damage. The troll completely misses you.
The troll barely misses you. The troll closely misses you.
Okay, then.
As you read the scroll of fear, it crumbles to dust.
You assume a fearsome visage.
The troll looks frightened!
The troll gibbers meaninglessly.
You hit the troll.
Your attack snaps the troll out of its fear.
The troll is lightly wounded.
Cornered, the troll turns to fight!
You hit the troll.
The troll is moderately wounded.
The troll bites you!
You die...

#........[###+######
#..........#§§§##...
#####.####.'≈≈§+..##
#..# #.#≈≈≈#..#
...## #)##'###.#
#.#..## ##...#...# {
..##..# ##....#.##
####.# ###......
#@#{{#######.....#
##T#{.##......##..
####..{.####.####
####.>#####.#
#...........#
#....h{.....#
#..<...T....#
#...........#
.............#


You could see a troll.

Vanquished Creatures
  An ogre (D:3)
  2 scorpions (D:4)
  A crimson imp (D:4)
  3 orc wizards (D:4)
  Ijyb (D:4)
  2 worker ants (D:4)
  3 gnolls (D:4)
  3 adders
  An ooze (D:2)
  An adder skeleton (D:4)
  4 dart slugs
  2 leopard geckos
  17 orcs
  A ball python (D:2)
  4 bats
  5 giant cockroaches
  8 hobgoblins
  8 jackals
  2 quokkas
  3 frilled lizards
  5 goblins
  8 kobolds
  11 rats
96 creatures vanquished.

Notes
Turn   | Place    | Note
-------+----------+-------------------------------------------
     0 | Abyss:1  | Kairos the Formicid Abyssal Knight began the quest for the
                  | Orb.
     0 | Abyss:1  | Reached XP level 1. HP: 18/18 MP: 2/2
   123 | Abyss:3  | Noticed a komodo dragon
   133 | Abyss:3  | Found a transporter.
   136 | Abyss:3  | Noticed an insubstantial wisp
   138 | Abyss:3  | Noticed an insubstantial wisp
   150 | Abyss:3  | Noticed a chaos spawn
   152 | Abyss:3  | Noticed a small abomination
   157 | Abyss:3  | Noticed a large abomination
   160 | Abyss:3  | Noticed a bone dragon
   161 | Abyss:3  | Noticed an iron imp
   164 | D:1      | Escaped the Abyss
   192 | D:1      | Reached skill level 1 in Dodging
   241 | D:1      | Reached * piety under Lugonu
   256 | D:1      | Reached XP level 2. HP: 15/24 MP: 3/3
   588 | D:1      | Reached XP level 3. HP: 26/30 MP: 4/4
  1079 | D:2      | Reached ** piety under Lugonu
  1079 | D:2      | Reached XP level 4. HP: 36/37 MP: 5/5
  1157 | D:2      | Reached skill level 3 in Polearms
  1163 | D:2      | Found a glowing golden altar of the Shining One.
  1947 | D:3      | Noticed an ogre
  1959 | D:3      | Killed an ogre
  1959 | D:3      | Reached skill level 4 in Polearms
  1959 | D:3      | Reached XP level 5. HP: 11/42 MP: 6/6
  2618 | D:3      | Reached XP level 6. HP: 40/48 MP: 7/7
  2768 | D:4      | Reached skill level 1 in Stealth
  3193 | D:4      | Noticed Ijyb
  3194 | D:4      | HP: 2/49 [poisoned by a worker ant]
  3206 | D:4      | Killed Ijyb
  3206 | D:4      | Reached XP level 7. HP: 15/55 MP: 8/8
  3417 | D:4      | Reached *** piety under Lugonu
  3463 | D:4      | Reached skill level 5 in Polearms
  3640 | D:4      | Found a basalt altar of Yredelemnul.
  3715 | D:4      | Noticed a troll
  3749 | D:4      | Slain by a troll

Skill      XL: |  1  2  3  4  5  6  7 |
---------------+----------------------+-----
Dodging        | 1 2 |  2.0
Polearms       | 4 5 |  5.1
Fighting       | 4 |  4.7
Armour         | 3 4 |  4.8
Stealth        | 1 |  1.3
Invocations    | |  2.2

Action                   |  1- 3 |  4- 6 |  7- 9 || total
-------------------------+-------+-------+-------++-------
Melee: Spear             |    97 |   214 |    77 ||   388
       Trident           |       |       |    32 ||    32
Invok: Depart the Abyss  |     1 |       |       ||     1
 Abil: Dig               |    12 |     1 |     2 ||    15
  Use: Potion            |     3 |     5 |     1 ||     9
       Scroll            |     2 |     5 |     1 ||     8
  Eat: Chunk             |       |     8 |     2 ||    10
Armor: Ring mail         |    19 |    35 |    25 ||    79
Dodge: Dodged            |    40 |    75 |    49 ||   164
